 Dungeon Crawl Stone Soup version 0.27-a0-668-gb5737ff2c0 (webtiles) character file.

Game seed: 9227980869600731142

91634 tilp the Martial Artist (level 16, -1/134 HPs)
             Began as an Octopode Transmuter on Mar 17, 2021.
             Was a High Priest of Okawaru.
             Shot with an arrow by a centaur (6 damage)
             ... led by a centaur warrior
             ... on level 13 of the Dungeon.
             The game lasted 01:22:51 (43861 turns).

tilp the Martial Artist (Octopode Transmuter)      Turns: 43861, Time: 01:22:52

Health: -1/134     AC:  8    Str: 11    XL:     16   Next: 3%
Magic:  0/34       EV: 15    Int: 26    God:    Okawaru [*****.]
Gold:   1279       SH:  0    Dex: 17    Spells: 2/27 levels left

rFire    . . .     SeeInvis .     - Unarmed
rCold    + + +     Faith    .   (shield currently unavailable)
rNeg     + . .     Spirit   +   (helmet currently unavailable)
rPois    +         Reflect  .   D - amulet of guardian spirit
rElec    .         Harm     .   b - ring of protection from cold
rCorr    +         Rampage  .   k - +4 ring of slaying
Will     +....                  f - +6 ring of intelligence
Stlth    +++.......             r - ring "Uttudaco" {MP+9 Dex+4 Slay+2}
HPRegen  0.32/turn              O - ring of protection from fire
MPRegen  0.24/turn              N - ring of resist corrosion
                                Q - ring of positive energy
                                (no ring)

@: ice-form, wereblooded
A: freezing attack, boosted hp, almost no armour, amphibious, 8 rings, large,
(camouflage 1), (gelatinous body 1), (nimble swimmer 1), (tentacles)
a: End Transformation, Renounce Religion, Heroism, Finesse


You were on level 13 of the Dungeon.
You worshipped Okawaru.
Okawaru was extremely pleased with you.
You were a creature of crystalline ice.
You visited 4 branches of the dungeon, and saw 22 of its levels.
You also visited: Gauntlet.

You collected 1939 gold pieces.
You spent 660 gold pieces at shops.

Inventory:

Hand Weapons
 a - the +4 quarterstaff of Linearity {spect, rF+ Will++ Int-5 Dex+3}
   (You took it off a minotaur in a Gauntlet)

   When it strikes, its spirit leaps out and fights alongside the wielder.
   It affects your intelligence (-5).
   It affects your dexterity (+3).
   It protects you from fire.
   It affects your willpower, your defense against some magical effects.
Missiles
 c - 15 silver javelins {!f}
 e - 75 poisoned darts (quivered)
 j - 42 boomerangs
 t - 2 atropa-tipped darts
 v - 8 javelins
 H - a throwing net
 I - 7 silver boomerangs
Armour
 y - a +2 hat of stealth
 J - a +0 hat of willpower (melded)
 M - the +4 kite shield of Jumona (melded) {Int+8}
   (Okawaru gifted it to you on level 3 of the Lair of Beasts)

   It affects your intelligence (+8).
Jewellery
 b - a ring of protection from cold (left front paw)
 f - a +6 ring of intelligence (on tentacle)
 k - a +4 ring of slaying (right front paw)
 r - the ring "Uttudaco" (on tentacle) {MP+9 Dex+4 Slay+2}
   (You found it in a Gauntlet)

   [ring of magical power]

   It affects your dexterity (+4).
   It affects your accuracy and damage with ranged weapons and melee attacks
   (+2).
   It affects your magic capacity (+9).
 z - a ring of ice
 B - an amulet of the acrobat
 D - an amulet of guardian spirit (around neck)
 N - a ring of resist corrosion (on tentacle)
 O - a ring of protection from fire (on tentacle)
 Q - a ring of positive energy (on tentacle)
Wands
 d - a wand of iceblast (16)
 i - a wand of flame (20)
 p - a wand of polymorph (19)
 q - a wand of mindburst (7)
 G - a wand of charming (24)
Scrolls
 g - 2 scrolls of teleportation
 h - 3 scrolls of identify
 n - 4 scrolls of fog
 s - 2 scrolls of holy word
 u - 3 scrolls of amnesia
Potions
 l - 3 potions of mutation
 m - 6 potions of lignification
 o - 3 potions of flight
 x - 2 potions of resistance
 A - 4 potions of curing
 C - 3 potions of attraction
 E - 7 potions of brilliance
 F - 2 potions of might
 K - 4 potions of haste
 L - a potion of cancellation
Miscellaneous
 w - a tin of tremorstones (2/2)


   Skills:
 + Level 11.2 Fighting
 + Level 9.6 Dodging
 - Level 6.0 Stealth
 + Level 9.6 Shields
 + Level 12.9 Unarmed Combat
 - Level 6.0 Spellcasting
 - Level 8.0 Translocations
 - Level 10.0 Transmutations
 - Level 2.0 Ice Magic
 - Level 2.0 Poison Magic
 - Level 10.0 Invocations
 - Level 8.0 Evocations


You had 2 spell levels left.
You knew the following spells:

 Your Spells              Type           Power      Damage    Failure   Level
a - Beastly Appendage     Tmut           100%       N/A       1%          1
b - Wereblood             Tmut           56%        N/A       1%          2
c - Spider Form           Tmut/Pois      19%        N/A       1%          3
d - Ice Form              Ice/Tmut       39%        N/A       6%          4
e - Blade Hands           Tmut           28%        N/A       3%          5
f - Corona                Hex            7%         N/A       7%          1
g - Blink                 Tloc           N/A        N/A       1%          2
h - Apportation           Tloc           98%        N/A       1%          1
i - Frozen Ramparts       Ice            36%        1d5       9%          3
j - Ozocubu's Armour      Ice            18%        N/A       9%          3

Your spell library contained the following spells:

 Spells                   Type           Power      Damage    Failure   Level
 Freeze                   Ice            72%        1d9       3%          1
 Animate Skeleton         Necr           14%        N/A       7%          1
 Magic Dart               Conj           28%        1d4       7%          1
 Shock                    Conj/Air       28%        1d4       7%          1
 Summon Small Mammal      Summ           28%        N/A       7%          1
 Ensorcelled Hibernation  Hex/Ice        26%        N/A       7%          2
 Poisonous Vapours        Pois/Air       26%        N/A       7%          2
 Call Imp                 Summ           7%         N/A       11%         2
 Searing Ray              Conj           14%        3d3       11%         2
 Slow                     Hex            7%         N/A       11%         2
 Mephitic Cloud           Conj/Pois/Air  11%        N/A       16%         3
 Confusing Touch          Hex            7%         N/A       21%         3
 Conjure Flame            Conj/Fire      7%         6-21      21%         3
 Dazzling Flash           Conj/Hex       14%        N/A       21%         3
 Static Discharge         Conj/Air       7%         N/A       21%         3
 Tukima's Dance           Hex            7%         N/A       21%         3
 Irradiate                Conj/Tmut      16%        3d19      24%         5
 Hailstorm                Conj/Ice       13%        3d5       41%         4
 Summon Ice Beast         Ice/Summ       13%        N/A       41%         4
 Bolt of Magma            Conj/Fire/Erth 3%         4d5       88%         5
 Freezing Cloud           Conj/Ice/Air   5%         6-21      100%        6


Dungeon Overview and Level Annotations

Branches:
Dungeon (13/15)            Temple (1/1) D:5            Lair (6/6) D:11
 Shoals (0/4) Lair:2        Snake (0/4) Lair:4        Slime (0/5) Lair:5
    Orc (2/2) D:9             Elf (0/3) Orc:2       Gauntlet (visited)
 Vaults: D:13-14

Altars:
Ashenzari
Cheibriados
Dithmenos
Elyvilon
Fedhas
Gozag
Hepliaklqana
Kikubaaqudgha
Makhleb
Nemelex Xobeh
Okawaru
Qazlal
Ru
Sif Muna
Trog
Uskayaw
Vehumet
Wu Jian
Xom
Yredelemnul
Zin
The Shining One
Beogh
Jiyva

Shops:
Orc:2 [:[(

Annotations:
D:8 1 runed translucent door (flayed ghost)
D:9 2 transporters, exclusion: ice statue, diceflayer's ghost, journeyman FoFi


Innate Abilities, Weirdness & Mutations

You are a creature of crystalline ice.
You have a powerful freezing melee attack.
Your maximum health is increased.
Your armour is entirely melded.
You are incapable of wielding weapons or throwing items.
You cannot wear most types of armour.
You are amphibious.
You can wear up to eight rings at the same time.
((Your skin changes colour to match your surroundings (Stealth+).))
((Your rubbery body absorbs attacks. (AC +1, EV +1)))
((You are stealthy while swimming. (Stealth+)))
((You have tentacles for arms and can constrict up to eight enemies at once.))


Message History

The centaur shouts!
You barely miss the shadow.
The shadow is moderately damaged.
You howl as the wereblood boils in your veins!
The centaur shoots an arrow.
The arrow hits you.
The centaur warrior shoots an arrow.
The arrow closely misses you.
The centaur warrior shoots an arrow.
The arrow hits you! The shadow completely misses you.
You hear a horrible gurgling sound!
You pummel the shadow!!
You destroy the shadow!
Okawaru accepts your kill.
The centaur shoots an arrow.
The arrow closely misses you.
The centaur warrior shoots an arrow.
The arrow barely misses you.
Unknown command.
The centaur shoots an arrow.
The arrow misses you.
The centaur warrior shoots an arrow.
The arrow hits you!!
The centaur shoots an arrow.
The arrow hits you but does no damage.
The centaur warrior shoots an arrow.
The arrow misses you.
The centaur shoots an arrow.
The arrow hits you!
The centaur shoots an arrow.
The arrow closely misses you.
The centaur shoots an arrow.
The arrow misses you.
The centaur shoots an arrow.
The arrow misses you.
The centaur shoots an arrow.
The arrow hits you.
The centaur shoots an arrow.
The arrow barely misses you.
The centaur warrior shoots an arrow.
The arrow hits you!
* * * LOW HITPOINT WARNING * * *
The centaur shoots an arrow.
The arrow hits you!
* * * LOW HITPOINT WARNING * * *
The centaur shoots an arrow.
The arrow hits you!
* * * LOW HITPOINT WARNING * * *
The centaur warrior shoots an arrow.
The arrow hits you.
* * * LOW HITPOINT WARNING * * *
The centaur shoots an arrow.
The arrow hits you!
* * * LOW HITPOINT WARNING * * *
You feel yourself speed up.
You hear a horrible gurgling sound!
The centaur shoots an arrow.
The arrow hits you!
* * * LOW HITPOINT WARNING * * *
The centaur shoots an arrow.
The arrow hits you!
You die...

###.............#####
#.............#
#......†[.....##
#...............#
#...............#
#...............#
###.........######
#........<##...###
#####........Y.......#
###...................^##
#.......................# .
#..........$............#....
##[...##...........###........
..............cc..c...†.......
...(....)........c............
..............................
......<.......[...............


You could see a centaur warrior and 3 centaurs.

Vanquished Creatures
  Gastronok (Lair:2)
  Kirke (D:12)
  2 azure jellies (Lair:6)
  2 rockslimes (Lair:6)
  An orc warlord (D:9)
  A dire elephant (Lair:4)
  A minotaur (Gauntlet)
  Snorg (D:13)
  A great orb of eyes (Lair:6)
  9 hydras
  2 centaur warriors (D:12)
  A boulder beetle (Lair:3)
  2 catoblepae (Lair:6)
  Erica (D:8)
  3 death yaks (Lair:6)
  4 two-headed ogres
  An orc high priest (D:9)
  Nergalle (D:10)
  2 sixfirhies (Gauntlet)
  3 unseen horrors
  Pikel (D:5)
  2 lindwurms (Lair:6)
  3 cyclopes
  8 orc sorcerers
  5 black mambas
  A torpor snail (Lair:6)
  29 elephants
  15 cane toads
  2 rime drakes (Lair:6)
  15 komodo dragons
  2 tengu conjurers (D:13)
  A queen bee (D:12)
  5 trolls
  A hornet (D:8)
  A hornet (shapeshifter) (D:13)
  3 slime creatures (D:12)
  10 blink frogs
  17 dream sheep
  A spriggan (Lair:4)
  8 wraiths
  2 shadows
  Eustachio (D:5)
  13 fire bats (D:8)
  4 wyverns
  46 yaks
  2 basilisks
  3 hogs (D:12)
  4 vampire mosquitoes (D:12)
  7 wargs
  An acid dragon (D:12)
  A naga (Lair:4)
  14 water moccasins
  24 orc warriors
  6 sky beasts
  An ice beast (D:6)
  15 ogres
  16 wolves
  2 necrophages
  6 centaurs
  3 phantoms
  5 kobold brigands (D:9)
  Blork the orc (D:5)
  14 bullfrogs
  2 gnoll sergeants
  3 scorpions (D:9)
  A water moccasin skeleton (D:4)
  4 killer bees (D:11)
  4 wights (D:7)
  An electric eel (Lair:3)
  A howler monkey (D:6)
  2 centaur zombies
  A quasit (D:8)
  18 jellies
  3 bullfrog zombies
  6 bullfrog skeletons
  8 hounds
  18 orc priests
  3 centaur skeletons
  Jessica (D:3)
  2 iguanas
  Ijyb (D:3)
  Natasha (thrice) (D:3)
  43 orc wizards
  11 hell rats
  15 worker ants
  A killer bee zombie (D:6)
  3 hound zombies
  A hound skeleton (D:6)
  A worker ant zombie (D:9)
  8 gnolls
  14 adders
  A shadow imp (D:9)
  4 white imps
  2 ufetubi
  6 oozes (Lair:6)
  2 adder skeletons
  4 worms
  A dart slug (D:1)
  2 leopard geckos
  123 orcs
  83 bats
  4 giant cockroaches
  6 goblins
  13 hobgoblins
  12 jackals
  6 quokkas
  A ball python (D:4)
  3 frilled lizards
  2 jackal skeletons
  10 kobolds
  5 rats
830 creatures vanquished.

Vanquished Creatures (others)
  A quasit (D:12)
  131 fungi
  112 plants
  3 withered plants (D:5)
247 creatures vanquished.

Grand Total: 1077 creatures vanquished

Notes
Turn   | Place    | Note
-------+----------+-------------------------------------------
     0 | D:1      | tilp the Octopode Transmuter began the quest for the Orb.
     0 | D:1      | Reached XP level 1. HP: 13/13 MP: 3/3
    44 | D:1      | Reached skill level 1 in Stealth
   184 | D:1      | Reached XP level 2. HP: 4/18 MP: 3/5
   190 | D:1      | Learned a level 2 spell: Wereblood
   677 | D:1      | Reached XP level 3. HP: 19/23 MP: 1/6
  1669 | D:2      | Found a broken altar of Ashenzari.
  1858 | D:2      | Reached XP level 4. HP: 30/30 MP: 5/7
  2282 | D:2      | Learned a level 2 spell: Blink
  2483 | D:2      | Found a hide-covered altar of Uskayaw.
  3073 | D:3      | Noticed Jessica
  3220 | D:3      | Killed Jessica
  3221 | D:3      | Reached XP level 5. HP: 27/37 MP: 8/8
  3318 | D:3      | Noticed Natasha
  3448 | D:3      | Killed Natasha
  3798 | D:3      | Noticed Ijyb
  3811 | D:3      | Killed Ijyb
  3812 | D:3      | Reached skill level 4 in Unarmed Combat
  4076 | D:3      | Reached XP level 6. HP: 43/43 MP: 9/9
  4376 | D:3      | Noticed Natasha
  4381 | D:3      | Killed Natasha
  4382 | D:3      | Reached skill level 5 in Unarmed Combat
  4674 | D:3      | Found a burning altar of Makhleb.
  4807 | D:3      | Found a faded altar of an unknown god.
  4809 | D:3      | Noticed Natasha
  4820 | D:3      | Killed Natasha
  5330 | D:4      | Reached XP level 7. HP: 30/48 MP: 6/10
  5553 | D:4      | Reached skill level 6 in Unarmed Combat
  5557 | D:4      | Learned a level 3 spell: Spider Form
  6242 | D:4      | Reached skill level 1 in Evocations
  6461 | D:4      | Reached skill level 1 in Poison Magic
  6660 | D:5      | Entered Level 5 of the Dungeon
  6716 | D:5      | Found a shimmering altar of Xom.
  6730 | D:5      | Reached skill level 1 in Translocations
  6855 | D:5      | Noticed Pikel
  7279 | D:5      | Found an ancient bone altar of Kikubaaqudgha.
  7279 | D:5      | Found a blossoming altar of Fedhas.
  7303 | D:5      | Found a staircase to the Ecumenical Temple.
  7312 | Temple   | Entered the Ecumenical Temple
  7386 | D:5      | Noticed Blork the orc
  7436 | D:5      | Found an iron altar of Okawaru.
  7465 | D:5      | Became a worshipper of Warmaster Okawaru
  8139 | D:5      | Noticed Eustachio
  8646 | D:5      | Killed Blork the orc
  8647 | D:5      | Reached XP level 8. HP: 40/54 MP: 12/12
  8853 | D:5      | Killed Eustachio
  9108 | D:5      | Killed Pikel
  9108 | D:5      | Reached * piety under Okawaru
  9109 | D:5      | Reached skill level 5 in Translocations
  9130 | D:5      | Identified a scroll of acquirement
  9130 | D:5      | Acquired a +6 ring of intelligence
  9168 | D:5      | Reached XP level 9. HP: 58/58 MP: 15/15
  9196 | D:6      | Reached skill level 1 in Invocations
  9822 | D:6      | Found a radiant altar of Vehumet.
  9822 | D:6      | Found a shadowy altar of Dithmenos.
  9825 | D:6      | Found a burning altar of Makhleb.
  9964 | D:6      | Found a shimmering blue altar of Sif Muna.
  9976 | D:6      | Reached skill level 5 in Invocations
 10446 | D:7      | Reached ** piety under Okawaru
 11476 | D:8      | Noticed Erica
 11700 | D:8      | Killed Erica
 11701 | D:8      | Reached skill level 7 in Unarmed Combat
 11701 | D:8      | Reached XP level 10. HP: 65/65 MP: 12/16
 11856 | D:8      | Found a blossoming altar of Fedhas.
 11983 | D:8      | Reached skill level 5 in Fighting
 12152 | D:8      | Found a glowing golden altar of the Shining One.
 12162 | D:8      | Reached skill level 5 in Dodging
 12653 | D:8      | Reached *** piety under Okawaru
 12771 | D:8      | Reached skill level 8 in Unarmed Combat
 12974 | D:8      | Found a bloodstained altar of Trog.
 13411 | D:8      | Found a runed translucent door.
 13416 | D:8      | Found a broken altar of Ashenzari.
 13442 | D:8      | Found a basalt altar of Yredelemnul.
 13449 | D:8      | Noticed a flayed ghost
 13842 | D:8      | HP: 1/68 [wraith (7)]
 14309 | D:8      | Found a hide-covered altar of Uskayaw.
 14369 | D:8      | Found an ornate altar of the Wu Jian Council.
 14522 | D:8      | Reached skill level 5 in Spellcasting
 14523 | D:8      | Reached **** piety under Okawaru
 14680 | D:8      | Learned a level 4 spell: Ice Form
 14694 | D:8      | Found a burning altar of Makhleb.
 14712 | D:8      | Reached XP level 11. HP: 43/72 MP: 15/19
 14970 | D:9      | Reached skill level 1 in Ice Magic
 14979 | D:9      | HP: 5/108 [orc warrior/+0 halberd (7)]
 16479 | D:9      | Found a transporter.
 16557 | D:9      | Noticed diceflayer's ghost (journeyman FoFi)
 16563 | D:9      | Noticed a centaur warrior
 16603 | D:9      | Noticed a green ugly thing
 16865 | D:9      | Found a transporter.
 16912 | D:9      | Noticed a two-headed ogre
 16940 | D:9      | Noticed a manticore
 17542 | D:9      | Noticed a moth of wrath
 17574 | D:9      | Noticed a glowing orange brain
 17574 | D:9      | a moth of wrath changed into a glowing orange brain
 17650 | D:9      | Noticed a two-headed ogre
 17663 | D:9      | Killed a two-headed ogre
 17867 | D:9      | Reached ***** piety under Okawaru
 17871 | D:9      | Reached skill level 5 in Stealth
 17937 | D:9      | Found a staircase to the Orcish Mines.
 17942 | D:9      | Received a gift from Okawaru
 18344 | D:9      | Found a sparkling altar of Nemelex Xobeh.
 19094 | D:9      | Reached skill level 9 in Unarmed Combat
 19626 | D:10     | Entered Level 10 of the Dungeon
 20326 | D:10     | Noticed Nergalle
 20329 | D:10     | Noticed a two-headed ogre
 20671 | D:10     | Killed a two-headed ogre
 20672 | D:10     | Reached skill level 1 in Shields
 21194 | D:10     | Killed Nergalle
 21195 | D:10     | Reached XP level 12. HP: 48/81 MP: 8/21
 21440 | D:11     | Noticed a two-headed ogre
 21458 | D:10     | HP: 1/81 [two-headed ogre/+0 giant club (9)]
 21791 | D:10     | Killed a two-headed ogre
 22239 | D:11     | Reached skill level 10 in Unarmed Combat
 22341 | D:11     | Found a staircase to the Lair.
 22573 | Lair:1   | Entered Level 1 of the Lair of Beasts
 22738 | Lair:1   | Noticed a five-headed hydra
 22870 | Lair:1   | Found a gate leading to a gauntlet.
 22886 | Gauntlet | Entered a Gauntlet
 22886 | Gauntlet | Found a transporter.
 22946 | Gauntlet | Found a transporter.
 22955 | Gauntlet | Noticed a dire elephant
 22963 | Gauntlet | Found a transporter.
 22966 | Gauntlet | Found a transporter.
 22976 | Gauntlet | Found a transporter.
 22996 | Gauntlet | Found a transporter.
 23000 | Gauntlet | Found a transporter.
 23003 | Gauntlet | Found a transporter.
 23033 | Gauntlet | Found a transporter.
 23033 | Gauntlet | Found a transporter.
 23033 | Gauntlet | Found a transporter.
 23041 | Gauntlet | Found a transporter.
 23046 | Gauntlet | Noticed a green death
 23695 | Gauntlet | Identified the ring "Uttudaco" {MP+9 Dex+4 Slay+2}
 23698 | Gauntlet | Identified the Reference Book on Hurtful Poisoning
 23762 | Gauntlet | Identified the +4 quarterstaff of Linearity {spect, rF+
                  | Will++ Int-5 Dex+3}
 23762 | Gauntlet | Noticed a minotaur
 23769 | Gauntlet | Killed a minotaur
 23781 | Gauntlet | Learned a level 1 spell: Corona
 24110 | Lair:1   | Reached skill level 5 in Transmutations
 24735 | Lair:1   | Killed a five-headed hydra
 24849 | Lair:2   | Noticed Gastronok
 24860 | Lair:2   | Killed Gastronok
 24969 | Lair:2   | Reached XP level 13. HP: 88/88 MP: 22/22
 25025 | Lair:2   | Received a gift from Okawaru
 25214 | Lair:2   | Reached skill level 5 in Evocations
 25749 | Lair:2   | Found a staircase to the Shoals.
 26242 | Lair:2   | Learned a level 5 spell: Blade Hands
 27313 | Lair:3   | Identified the +4 kite shield of Jumona {Int+8} (Okawaru
                  | gifted it to you on level 3 of the Lair of Beasts)
 27313 | Lair:3   | Received a gift from Okawaru
 27899 | Lair:3   | Reached skill level 10 in Transmutations
 28573 | Lair:4   | Found a staircase to the Snake Pit.
 29133 | Lair:4   | Reached skill level 5 in Shields
 29420 | Lair:4   | Noticed a dire elephant
 29438 | Lair:4   | Killed a dire elephant
 29695 | Lair:4   | Reached XP level 14. HP: 95/95 MP: 23/23
 30432 | Lair:4   | Received a gift from Okawaru
 30893 | Lair:4   | Reached skill level 11 in Unarmed Combat
 31318 | Lair:5   | HP: 5/127 [hell rat (10)]
 32520 | Lair:5   | Found a glowing silver altar of Zin.
 32559 | Lair:5   | Found a viscous altar of Jiyva.
 32559 | Lair:5   | Found a staircase to the Slime Pits.
 32989 | Lair:6   | Entered Level 6 of the Lair of Beasts
 33532 | Lair:6   | Reached skill level 10 in Fighting
 33542 | Lair:6   | Identified the +3 fustibalus "Paranoapp" {freeze, rPois rF+
                  | Str-5} (Okawaru gifted it to you on level 6 of the Lair of
                  | Beasts)
 33542 | Lair:6   | Received a gift from Okawaru
 34279 | Lair:6   | Noticed an azure jelly
 34290 | Lair:6   | Killed an azure jelly
 34291 | Lair:6   | Reached skill level 12 in Unarmed Combat
 34291 | Lair:6   | Noticed an azure jelly
 34295 | Lair:6   | Found a viscous altar of Jiyva.
 34295 | Lair:6   | Noticed a rockslime
 34298 | Lair:6   | Noticed a rockslime
 34299 | Lair:6   | Killed a rockslime
 34308 | Lair:6   | Killed a rockslime
 34314 | Lair:6   | Killed an azure jelly
 34314 | Lair:6   | Reached ****** piety under Okawaru
 34517 | Lair:6   | Identified the +8 demon whip of the Enchanted Forest
                  | {venom, rC++ Str+2} (Okawaru gifted it to you on level 6 of
                  | the Lair of Beasts)
 34517 | Lair:6   | Received a gift from Okawaru
 34654 | Lair:6   | Reached XP level 15. HP: 103/103 MP: 24/24
 34890 | Lair:6   | Reached skill level 10 in Invocations
 36553 | Orc:1    | Entered Level 1 of the Orcish Mines
 36553 | Orc:1    | Noticed an orc warlord
 37021 | D:9      | Killed an orc warlord
 37021 | D:9      | Received a gift from Okawaru
 38647 | Orc:2    | Entered Level 2 of the Orcish Mines
 38705 | Orc:2    | Received a gift from Okawaru
 38730 | Orc:2    | Found Quwysha's Antique Armour Boutique.
 39143 | Orc:2    | Found Parhaus's Weapon Emporium.
 39198 | Orc:2    | Found Oriawepi's Antique Armour Boutique.
 39198 | Orc:2    | Found Xomepsyvu's Book Emporium.
 39777 | Orc:2    | Found a staircase to the Elven Halls.
 40699 | Orc:2    | Bought a book of Cantrips for 240 gold pieces
 40699 | Orc:2    | Bought a book of Frost for 420 gold pieces
 40702 | Orc:2    | Learned a level 2 spell: Ensorcelled Hibernation
 40706 | Orc:2    | Learned a level 3 spell: Frozen Ramparts
 40710 | Orc:2    | Learned a level 3 spell: Ozocubu's Armour
 40713 | Orc:2    | Learned a level 1 spell: Apportation
 41675 | D:12     | Noticed Kirke
 41779 | D:12     | Killed Kirke
 41891 | D:12     | Noticed Nessos
 41897 | D:12     | Noticed Nessos
 41897 | D:12     | Nessos changed into Nessos the queen bee
 41905 | D:12     | Killed Nessos the queen bee
 42356 | D:13     | Noticed Snorg
 43533 | D:13     | Reached XP level 16. HP: 112/112 MP: 25/25
 43591 | D:13     | Killed Snorg
 43861 | D:13     | HP: 5/134 [centaur/arrow[a centaur warrior] (10)]
 43861 | D:13     | Shot with an arrow by a centaur

Illustrated notes

Levels and vault maps discovered:
D:1:      dpeg_arrival_round_b, layout_basic
D:2:      layout_basic, nicolae_uskayaw_suspiria, old_standard_altar,
          chequers_serial_rivers_micro_b, minmay_crystal_room
D:3:      layout_rooms, chequers_ecumenical_altar_lobes,
          makhleb_heckhound_becter, uniq_jessica, uniq_natasha, uniq_ijyb
D:4:      layout_layer_cave
D:5:      layout_loops_ring, grunt_temple_overflow_growth_and_decay,
          xom_teletrap_fun, okawaru_altar_gauntlet_db,
          minmay_temple_entry_statues_pillars, uniq_blork_the_orc,
          uniq_eustachio, uniq_pikel
D:6:      layout_rooms, chequers_temple_overflow_statue_of_worship, basic_altar
D:7:      layout_loops_ring
D:8:      due_megacathedral, layout_basic, lemuel_crystal_altar,
          fedhas_bush_and_centaur_altar, uniq_erica
D:9:      layout_basic, kennysheep_orc_monster_closet_entryway, special_room
          [special_room_orc], nzn_ghost_randoct, nemelex_altar_shiori
D:10:     layout_rooms, hangedman_decor_growths, uniq_nergalle
D:11:     layout_rooms, lair_entry_dummy
D:12:     layout_loops_cross, minmay_checkerbox, uniq_kirke, uniq_nessos
D:13:     layout_cross, amcnicky_altar_gilded, uniq_snorg
Temple:   nicolae_temple_hex_pool
Lair:1:   layout_regular_city, gauntlet_entry_generic, grunt_megastairs_3
Lair:2:   layout_cave_pods, shoals_dummy_entry, beast_lair_carwin_8,
          uniq_gastronok
Lair:3:   layout_regular_city, lemuel_fruit_tree, grunt_megastairs_1,
          lemuel_fruit_fields, serial_bayou_shore_a
Lair:4:   mu_elephants_graveyard, layout_layer_cave, guppyfry_snake_entry_island
Lair:5:   layout_hall_layers, dpeg_slime_entry_enclosed_altar, basic_altar
Lair:6:   hangedman_lair_in_review, layout_long_grid, special_room
          [special_room_jelly]
Orc:1:    layout_diamond_mine, minmay_orc_temple_b
Orc:2:    st_orc_town, layout_caves

Skill      XL: |  1  2  3  4  5  6  7  8  9 10 11 12 13 14 15 |
---------------+----------------------------------------------+-----
Stealth        | 2 3 4 6 |  6.0
Fighting       | 2 3 4 6 7 8 10 11 | 11.2
Unarmed Combat | 4 5 6 7 8 9 10 12 | 12.9
Evocations     | 2 4 6 7 8 |  8.0
Poison Magic   | 2 |  2.0
Translocations | 2 5 6 7 8 |  8.0
Spellcasting   | 3 4 5 6 |  6.0
Invocations    | 6 8 9 10 | 10.0
Dodging        | 4 6 7 8 9 |  9.6
Ice Magic      | 2 |  2.0
Shields        | 2 4 5 8 9 |  9.6
Transmutations | 8 10 | 10.0

Action                   |  1- 3 |  4- 6 |  7- 9 | 10-12 | 13-15 | 16-18 || total
-------------------------+-------+-------+-------+-------+-------+-------++-------
Melee: Unarmed           |    81 |   117 |   182 |   571 |  1014 |    13 ||  1978
       Constrict         |    25 |    28 |    46 |    19 |     7 |       ||   125
       Kick              |    19 |    24 |    38 |     9 |       |       ||    90
       Punch             |     1 |     4 |     9 |     9 |     8 |       ||    31
       Tentacles         |     9 |    17 |    24 |    14 |     8 |       ||    72
Throw: Dart              |     1 |    35 |    57 |    11 |     4 |       ||   108
       Boomerang         |       |       |     3 |       |       |       ||     3
 Cast: Beastly Appendage |    21 |    25 |    40 |    15 |     2 |       ||   103
       Wereblood         |     1 |     7 |    15 |    37 |    53 |     1 ||   114
       Spider Form       |       |       |     4 |    57 |     3 |       ||    64
       Blink             |       |       |       |     2 |     1 |       ||     3
       Ice Form          |       |       |       |    32 |    90 |     1 ||   123
       Blade Hands       |       |       |       |       |     5 |       ||     5
       Corona            |       |       |       |       |     2 |       ||     2
Invok: Heroism           |       |       |     3 |    21 |    33 |     1 ||    58
       Finesse           |       |       |       |       |     2 |       ||     2
Evoke: Wand              |       |     1 |     9 |    24 |    14 |     2 ||    50
  Use: Scroll            |     3 |     5 |     5 |    14 |    11 |       ||    38
       Potion            |       |     3 |       |     7 |     7 |       ||    17
 Stab: Sleeping          |     6 |     2 |     2 |    11 |    11 |       ||    32
       Distracted        |       |       |       |     1 |     1 |       ||     2
       Petrified         |       |       |       |       |     2 |       ||     2
       Petrifying        |       |       |       |       |     1 |       ||     1
Armor: Skin              |    10 |     7 |     3 |    45 |   194 |     2 ||   261
Dodge: Dodged            |    44 |    58 |    80 |   510 |   676 |    20 ||  1388
Block: Kite shield       |       |       |       |       |    42 |     4 ||    46

Table legend: (Time is in decaauts)
 A = Elapsed time spent in this place.
 B = Non-inter-level travel time spent in this place.
 C = Inter-level travel time spent in this place.
 D = Time resting spent in this place.
 E = Time spent auto-exploring this place.
 F = Levels seen in this place.
 G = Mean time per level.
                   A        B        C        D        E       F      G
               +--------+--------+--------+--------+--------+-----+--------+
         Total |  43556 |  41262 |   2294 |  17069 |  17709 |  23 | 1893.7 |
       Dungeon |  26836 |  25329 |   1507 |  11173 |  10730 |  13 | 2064.3 |
        Temple |     70 |     63 |      7 |      0 |     62 |   1 |   70.0 |
          Lair |  12754 |  12165 |    589 |   4634 |   5248 |   6 | 2125.7 |
  Orcish Mines |   3002 |   2812 |    190 |    772 |   1436 |   2 | 1501.0 |
      Gauntlet |    892 |    892 |      0 |    490 |    233 |   1 |  892.0 |
               +--------+--------+--------+--------+--------+-----+--------+

Top non-repeatable levels by time:
     D:9: 5276 daAuts
     D:8: 4705 daAuts
  Lair:4: 3410 daAuts
  Lair:6: 3017 daAuts
     D:5: 2874 daAuts
    D:12: 2634 daAuts
     D:2: 2007 daAuts
     D:3: 1982 daAuts
    D:10: 1781 daAuts
  Lair:3: 1720 daAuts
  Lair:5: 1648 daAuts
   Orc:2: 1635 daAuts
  Lair:2: 1573 daAuts
     D:4: 1384 daAuts
  Lair:1: 1383 daAuts
